 Seeded DCSS version 0.27.1 (webtiles) character file.

Game seed: 42 (custom seed)

1154 a11behringer the Basher (level 8, 0/66 HPs)
             Began as a Minotaur Fighter on Aug 24, 2021.
             Slain by a four-headed hydra (9 damage)
             ... on level 6 of the Dungeon.
             The game lasted 00:25:17 (4888 turns).

a11behringer the Basher (Minotaur Fighter)          Turns: 4888, Time: 00:25:19

Health: 0/66       AC: 11    Str: 27    XL:     8   Next: 16%
Magic:  7/7        EV:  7    Int:  5    God:
Gold:   184        SH: 11    Dex: 12    Spells: 7/7 levels left

rFire    + . .     SeeInvis .   a - +0 flail
rCold    + . .     Faith    .   c - +0 kite shield
rNeg     . . .     Spirit   .   m - +0 chain mail
rPois    +         Reflect  .   (helmet restricted)
rElec    .         Harm     .   v - scarf {rC+ rF+}
rCorr    .         Rampage  .   (no gloves)
Will     .....                  g - +0 pair of boots
Stlth    ..........             u - amulet of magic regeneration
HPRegen  0.21/turn              x - ring of poison resistance
MPRegen  0.35/turn              z - +6 ring of strength

@: no status effects
A: horns 2, retaliatory headbutt
a: no special abilities


You were on level 6 of the Dungeon.
You visited 1 branch of the dungeon, and saw 6 of its levels.
You also visited: Ossuary.

You collected 184 gold pieces.

Inventory:

Hand Weapons
 a - a +0 flail (weapon)
 q - a +0 hand crossbow
Missiles
 r - 30 bolts
Armour
 b - a +0 scale mail
 c - a +0 kite shield (worn)
 g - a +0 pair of boots (worn)
 m - a +0 chain mail (worn)
 v - a scarf of resistance (worn)
Jewellery
 u - an amulet of magic regeneration (around neck)
 x - a ring of poison resistance (left hand)
 z - a +6 ring of strength (right hand)
Wands
 j - a wand of flame (13) (quivered)
Scrolls
 e - a scroll of blinking
 h - a scroll of magic mapping {unknown}
 p - 2 scrolls of teleportation
 y - 2 scrolls of fear {unknown}
 A - a scroll of identify
 B - a scroll of brand weapon {unknown}
 C - a scroll of holy word {unknown}
 D - a scroll of vulnerability {unknown}
 E - 4 scrolls of fog {unknown}
 F - 4 scrolls of acquirement {unknown}
Potions
 d - 3 potions of might
 f - 2 potions of curing {unknown}
 i - 3 potions of heal wounds
 k - a potion of resistance {unknown}
 l - a potion of degeneration {unknown}
 n - 2 potions of ambrosia
 o - 2 potions of lignification {unknown}
 s - a potion of haste {unknown}
 t - 2 potions of attraction {unknown}
 w - 2 potions of brilliance {unknown}


   Skills:
 - Level 3.9 Fighting
 * Level 8.7 Maces & Flails
 + Level 6.4 Armour
 + Level 1.7 Dodging
 + Level 6.5 Shields


You had 7 spell levels left.
You didn't know any spells.
Your spell library contained the following spells:

 Spells                   Type           Power      Damage    Failure   Level
 Animate Skeleton         Necr           0%         N/A       100%        1
 Apportation              Tloc           0%         N/A       100%        1
 Corona                   Hex            0%         N/A       100%        1
 Summon Small Mammal      Summ           0%         N/A       100%        1
 Sublimation of Blood     Necr           0%         N/A       100%        2
 Petrify                  Tmut/Erth      0%         N/A       100%        4
 Irradiate                Conj/Tmut      0%         3d13      100%        5


Dungeon Overview and Level Annotations

Branches:
Dungeon (6/15)            Ossuary (visited)
 Temple: D:4-7

Altars:
Dithmenos
Qazlal
Vehumet
Xom


Innate Abilities, Weirdness & Mutations

You have a pair of horns on your head.
You reflexively headbutt those who attack you in melee.


Message History

Your shield prevents you from hitting the four-headed hydra.
The four-headed hydra is severely wounded.
The four-headed hydra bites you.
The four-headed hydra bites you but does no damage.
You block the four-headed hydra's attack.
The four-headed hydra bites you.
You barely miss the four-headed hydra.
The four-headed hydra is severely wounded.
You block the four-headed hydra's attack.
The four-headed hydra closely misses you.
The four-headed hydra bites you but does no damage.
The four-headed hydra barely misses you.
You barely miss the four-headed hydra.
Your headbutt misses the four-headed hydra.
The four-headed hydra is severely wounded.
The four-headed hydra bites you but does no damage.
The four-headed hydra bites you!
The four-headed hydra closely misses you.
The four-headed hydra bites you!
* * * LOW HITPOINT WARNING * * *
You feel much better.
You block the four-headed hydra's attack.
The four-headed hydra bites you. The four-headed hydra bites you!
The four-headed hydra bites you but does no damage.
You hit the four-headed hydra but do no damage.
You headbutt the four-headed hydra!
The four-headed hydra is severely wounded.
The four-headed hydra bites you!
* * * LOW HITPOINT WARNING * * *
The four-headed hydra bites you but does no damage. x3
The four-headed hydra barely misses you.
The four-headed hydra closely misses you.
You block the four-headed hydra's attack. x2
You hit the four-headed hydra.
The four-headed hydra is severely wounded.
The four-headed hydra bites you.
* * * LOW HITPOINT WARNING * * *
The four-headed hydra bites you but does no damage.
The four-headed hydra bites you!
You die...

.....## .....
..... ... ...
#.# #D#
######@#
###...##:#
#.....##.# #.
#.#......# ..
#.....#####
###.#.....#...
..........#...
#####.....#..
..........#.#


You could see a four-headed hydra.

Vanquished Creatures
  A wraith (Ossuary)
  2 ogres
  A bullfrog (D:6)
  A scorpion (D:4)
  4 crimson imps (D:4)
  An orc priest (D:4)
  2 hounds
  2 human zombies (Ossuary)
  Crazy Yiuf (D:2)
  Natasha (thrice) (D:3)
  2 orc wizards
  A hound skeleton (D:4)
  3 mummies (Ossuary)
  Robin (D:3)
  10 adders
  A white imp (D:5)
  An ufetubus (D:5)
  An adder skeleton (D:4)
  2 worms (D:3)
  A dart slug (D:1)
  12 orcs
  8 bats
  8 endoplasms
  2 giant cockroaches
  A gnoll zombie (Ossuary)
  9 goblins
  10 hobgoblins
  2 jackals (D:4)
  5 quokkas
  5 ball pythons
  3 frilled lizards
  2 goblin zombies (Ossuary)
  2 hobgoblin zombies (Ossuary)
  4 kobolds
  5 kobold zombies (Ossuary)
  6 rats
125 creatures vanquished.

Notes
Turn   | Place    | Note
-------+----------+-------------------------------------------
     0 | D:1      | a11behringer the Minotaur Fighter began the quest for the
                  | Orb.
     0 | D:1      | Reached XP level 1. HP: 19/19 MP: 0/0
   192 | D:1      | Reached XP level 2. HP: 27/27 MP: 1/1
   639 | D:1      | Reached skill level 3 in Maces & Flails
  1315 | D:2      | Reached XP level 3. HP: 33/33 MP: 2/2
  1652 | D:2      | Found a runed translucent door.
  1653 | D:2      | Noticed Crazy Yiuf
  1660 | D:2      | Killed Crazy Yiuf
  1661 | D:2      | Reached skill level 4 in Maces & Flails
  1661 | D:2      | Reached XP level 4. HP: 40/40 MP: 3/3
  1681 | D:2      | Found a faded altar of an unknown god.
  1942 | D:3      | Noticed an ogre
  1948 | D:3      | Killed an ogre
  1949 | D:3      | Reached skill level 5 in Maces & Flails
  1949 | D:3      | Reached XP level 5. HP: 21/46 MP: 4/4
  2135 | D:3      | Found a shadowy altar of Dithmenos.
  2137 | D:3      | Noticed Natasha
  2147 | D:3      | Killed Natasha
  2155 | D:3      | Found a stormy altar of Qazlal.
  2195 | D:3      | Reached skill level 1 in Dodging
  2256 | D:3      | Found a radiant altar of Vehumet.
  2428 | D:3      | Noticed Natasha
  2434 | D:3      | Killed Natasha
  2474 | D:3      | Noticed Robin
  2486 | D:3      | Reached XP level 6. HP: 41/52 MP: 5/5
  2494 | D:3      | Killed Robin
  2495 | D:3      | Reached skill level 6 in Maces & Flails
  2635 | D:3      | Noticed Natasha
  2641 | D:3      | Killed Natasha
  2973 | D:4      | Reached skill level 5 in Armour
  3027 | D:4      | Found a shimmering altar of Xom.
  3048 | D:4      | Reached skill level 5 in Shields
  3099 | D:4      | Reached XP level 7. HP: 51/58 MP: 6/6
  3105 | D:4      | Reached skill level 7 in Maces & Flails
  3830 | D:5      | Entered Level 5 of the Dungeon
  4481 | D:6      | Reached skill level 8 in Maces & Flails
  4492 | D:6      | Found a sand-covered staircase.
  4501 | Ossuary  | Entered an ossuary
  4501 | Ossuary  | Noticed a wraith
  4501 | Ossuary  | Noticed a wraith
  4501 | Ossuary  | Noticed a wraith
  4576 | Ossuary  | Noticed a wraith
  4580 | Ossuary  | Killed a wraith
  4581 | Ossuary  | Reached XP level 8. HP: 66/66 MP: 7/7
  4877 | D:6      | Noticed a four-headed hydra
  4888 | D:6      | Slain by a four-headed hydra

Illustrated notes

Levels and vault maps discovered:
D:1:      dpeg_arrival_boxes_within_box, layout_basic
D:2:      minmay_razor_zed, layout_basic, dreamdust_ecumenical_altar_grove,
          minmay_tree_intersection, uniq_crazy_yiuf_cottage
D:3:      layout_loops_ring, vehumet_altar_wand_db,
          mainiacjoe_overflow_big_doors, st_stairs_4, uniq_robin, uniq_natasha
D:4:      layout_loops_ring, led_xom_imps
D:5:      layout_loops_ring, kennysheep_cross_bottleneck
D:6:      layout_basic, grunt_temple_overflow_holy_war,
          nicolae_ru_the_path_less_chosen, minmay_temple_entry_overgrown,
          enter_ossuary_1, serial_shops, shop, hellmonk_ghost_happy_afterlife

Skill      XL: |  1  2  3  4  5  6  7 |
---------------+----------------------+-----
Armour         | 4 5 6 |  6.4
Shields        | 4 5 6 |  6.5
Maces & Flails | 3 4 5 6 8 |  8.7
Dodging        | 1 |  1.7
Fighting       | |  3.9

Action                   |  1- 3 |  4- 6 |  7- 9 || total
-------------------------+-------+-------+-------++-------
Melee: Flail             |    63 |   133 |   137 ||   333
       Headbutt          |    13 |    34 |    30 ||    77
Evoke: Wand              |       |       |     3 ||     3
  Use: Scroll            |       |     1 |     3 ||     4
       Potion            |       |       |     1 ||     1
 Stab: Invisible         |       |     2 |       ||     2
Armor: Scale mail        |    34 |    28 |       ||    62
       Chain mail        |       |    45 |    84 ||   129
Dodge: Dodged            |    20 |    22 |    38 ||    80
Block: Kite shield       |    21 |    82 |    85 ||   188
